 Dungeon Crawl Stone Soup version 0.21.0-3-g78d12a8 (webtiles) character file.

51 RollingDesktops the Skirmisher (level 3, 0/33 HPs)
             Began as a Draconian Chaos Knight on Jan 11, 2018.
             Slain by a gnoll
             ... wielding a +0 club
              (9 damage)
             ... on level 3 of the Dungeon.
             The game lasted 00:07:56 (1358 turns).

RollingDesktops the Skirmisher (DrCK)               Turns: 1358, Time: 00:07:56

Health: 0/33       AC:  5    Str: 20    XL:     3   Next: 58%
Magic:  3/3        EV: 12    Int: 12    God:    Xom [*.....]
Gold:   68         SH:  0    Dex: 10    Spells: 2/2 levels left

rFire    . . .     SeeInvis .   a - +0 falchion (chaos)
rCold    . . .     Gourm    .   (no shield)
rNeg     . . .     Faith    .   (armour unavailable)
rPois    .         Spirit   .   (helmet restricted)
rElec    .         Reflect  .   (no cloak)
rCorr    .         Harm     .   (no gloves)
MR       .....                  (no boots)
Stlth    +.........             (no amulet)
HPRegen  0.11/turn              (no ring)
MPRegen  0.08/turn              (no ring)

@: mighty
A: unfitting armour, cold-blooded, AC +5
a: Renounce Religion


You were on level 3 of the Dungeon.
You worshipped Xom.
You were a special plaything of Xom.
You were very hungry.

You visited 1 branch of the dungeon, and saw 3 of its levels.

You collected 68 gold pieces.

Inventory:

Hand Weapons
 a - a +0 falchion of chaos (weapon)
Scrolls
 e - 2 scrolls of teleportation {unknown}
 g - a scroll of enchant armour {unknown}
 i - a scroll of fog {unknown}
Comestibles
 b - 5 rations
 j - 3 chunks of flesh


   Skills:
 + Level 3.9 Fighting
 + Level 3.8 Long Blades
 + Level 2.4 Dodging
 + Level 0.4 Stealth


You had 2 spell levels left.
You didn't know any spells.

Dungeon Overview and Level Annotations

Branches:
Dungeon (3/15)

Altars:
Yredelemnul

Annotations:
D:3 Akransas's ghost, amateur BaSk


Innate Abilities, Weirdness & Mutations

Your plain brown scales are hard. (AC +5)
You cannot fit into any form of body armour.
You are cold-blooded and may be slowed by cold attacks.


Message History

It was a potion of cancellation.
You feel magically purged.
Xom thinks this is hilarious!
Your ufetubus closely misses the orc priest.
Your ufetubus hits the orc priest. The orc misses you.
You riposte.
You hit the orc. You freeze the orc.
The orc is severely wounded.
The gnoll barely misses your ufetubus. The gnoll hits you but does no damage.
Your ufetubus hits the orc priest.
Your ufetubus closely misses the orc priest.
The orc closely misses you.
You riposte.
You barely miss the orc.
The orc priest calls down the wrath of Beogh upon your ufetubus.
Your ufetubus is smitten.
Your ufetubus dies!
Akransas's ghost closely misses you.
It was a potion of might.
You feel very mighty all of a sudden. The gnoll misses you.
Akransas's ghost completely misses you. The gnoll hits you with a club!
You die...
Xom laughs nastily!

.........## #.....#.
...........## #.......
.........#..# ###...<>..
.........##.###........#
.........##.....######..
.....ooog...............
.....ooo##############..
......g.### .
......g@W.#
...............
.........######
.........# .........#
........## #......##
#######


You could see 2 orc priests, an orc wizard, Akransas's ghost, 3 gnolls and 3
orcs.

Vanquished Creatures
  An adder (D:2)
  3 dart slugs
  2 leopard geckos
  An orc (D:2)
  3 bats
  A giant cockroach (D:2)
  A goblin (D:1)
  4 hobgoblins
  3 jackals (D:1)
  9 kobolds
  A frilled lizard (D:1)
  A rat (D:1)
30 creatures vanquished.

Notes
Turn   | Place    | Note
-------+----------+-------------------------------------------
     0 | D:1      | RollingDesktops the Draconian Chaos Knight began the quest for the Orb.
     0 | D:1      | Reached XP level 1. HP: 19/19 MP: 1/1
   114 | D:1      | XOM: silly message
   145 | D:1      | Reached XP level 2. HP: 23/26 MP: 2/2
   284 | D:1      | XOM: harmless Fire miscast
   682 | D:1      | XOM: silly message
   968 | D:1      | XOM: harmless Necr miscast
  1007 | D:1      | You fall through a shaft!
  1025 | D:2      | Reached XP level 3. HP: 33/33 MP: 3/3
  1184 | D:2      | XOM: mild Conj miscast
  1306 | D:2      | Found a basalt altar of Yredelemnul.
  1351 | D:3      | XOM: summons 2 friendly demons
  1354 | D:3      | Noticed Akransas's ghost (amateur BaSk)
  1358 | D:3      | Slain by a gnoll

Action                   || total
-------------------------++-------
Melee: Falchion          ||    76
       Tailslap          ||    10
  Use: Potion            ||     4
       Scroll            ||     1
 Stab: Petrified         ||     2
Armor: Skin              ||    28
Dodge: Dodged            ||    70
       Rpst.: Falchion   ||    23
